| TOP OF THE 1ST |
|
Savannah Indians batting - Pitching for Charlotte Hornets : LHP Juan Valdez
|
|
Pitching: LHP Juan Valdez
|
|
|
Batting: RHB Angel Salazar
|
0-0: Fly out, F9 (Line Drive, 9D, EV 85.6 MPH)
|
|
Batting: RHB Eddie Vargas
|
0-0: Called Strike 0-1: Fly out, F8 (Flyball, 89D, EV 103.8 MPH)
|
|
Batting: RHB Jim Paciorek
|
0-0: Fly out, F9 (Line Drive, 9D, EV 88.1 MPH)
|
| Top of the 1st over - 0 runs, 0 hits, 0 errors, 0 left on base; Savannah 0 - Charlotte 0 |
| BOTTOM OF THE 1ST |
|
Charlotte Hornets batting - Pitching for Savannah Indians : RHP John Adams
|
|
Pitching: RHP John Adams
|
|
|
Batting: RHB Charles Stafford
|
0-0: Ball 1-0: Fly out, F9 (Flyball, 9, EV 83.8 MPH)
|
|
Batting: RHB Juan Bonilla
|
0-0: Called Strike 0-1: SINGLE (Line Drive, 78S, EV 93.1 MPH)
|
|
Batting: RHB Ron Johnson
|
0-0: Called Strike 0-1: Ball 1-1: Ball 2-1: Foul Ball, location: 2F 2-2: Grounds into double play, 6-4-3 (Groundball, 56, EV 79.4 MPH)
|
| Bottom of the 1st over - 0 runs, 1 hit, 0 errors, 0 left on base; Savannah 0 - Charlotte 0 |
| TOP OF THE 2ND |
|
Savannah Indians batting - Pitching for Charlotte Hornets : LHP Juan Valdez
|
|
Batting: RHB Wade Rowdon
|
0-0: Called Strike 0-1: Foul Ball, location: 2F 0-2: Ball 1-2: Strikes out swinging
|
|
Batting: RHB Ramiro Gutierrez
|
0-0: Ball 1-0: TRIPLE (Flyball, 78XD, EV 103.1 MPH)
|
|
Batting: LHB Roberto Hernandez
|
0-0: Ball 1-0: Ball 2-0: Called Strike 2-1: Ball 3-1: Ground out 6-3 (Groundball, 6, EV 100.0 MPH) Ramiro Gutierrez scores
|
|
Batting: LHB Steve Sbragia
|
0-0: Ball 1-0: Fly out, F8 (Flyball, 8LD, EV 87.5 MPH)
|
| Top of the 2nd over - 1 run, 1 hit, 0 errors, 0 left on base; Savannah 1 - Charlotte 0 |
| BOTTOM OF THE 2ND |
|
Charlotte Hornets batting - Pitching for Savannah Indians : RHP John Adams
|
|
Batting: RHB Alvaro Espinoza
|
0-0: Foul Ball, location: 2F 0-1: Ball 1-1: Ball 2-1: Ball 3-1: Swinging Strike 3-2: Strikes out swinging
|
|
Batting: LHB Jesus Diaz
|
0-0: Called Strike 0-1: Called Strike 0-2: Ball 1-2: Foul Ball, location: 2F 1-2: Ground out 5-3 (Groundball, 56S, EV 84.4 MPH)
|
|
Batting: LHB Steve Macko
|
0-0: Swinging Strike 0-1: Ball 1-1: Ball 2-1: Ball 3-1: Swinging Strike 3-2: Fly out, F2 (Popup, 2RF, EV 82.5 MPH)
|
| Bottom of the 2nd over - 0 runs, 0 hits, 0 errors, 0 left on base; Savannah 1 - Charlotte 0 |
| TOP OF THE 3RD |
|
Savannah Indians batting - Pitching for Charlotte Hornets : LHP Juan Valdez
|
|
Batting: RHB Mario Diaz
|
0-0: SINGLE (Groundball, 13S, EV 73.1 MPH) (infield hit)
|
|
Batting: RHB Dan Plante
|
0-0: Ball 1-0: Called Strike 1-1: Ball 2-1: 2-RUN HOME RUN (Flyball, 9D, EV 105.0 MPH), Distance : 359 ft
|
|
Batting: RHB Angel Salazar
|
0-0: Ball 1-0: Called Strike 1-1: Ball 2-1: Fly out, F8 (Flyball, 78D, EV 107.5 MPH)
|
|
Batting: RHB Eddie Vargas
|
0-0: Foul Ball, location: 2F 0-1: Ball 1-1: Swinging Strike 1-2: Foul Ball, location: 2F 1-2: Foul Ball, location: 2F 1-2: SINGLE (Groundball, 34D, EV 93.8 MPH)
|
|
Batting: RHB Jim Paciorek
|
0-0: Called Strike 0-1: Ball 1-1: Swinging Strike 1-2: Strikes out swinging
|
|
Batting: RHB Wade Rowdon
|
0-0: Called Strike 0-1: Foul Ball, location: 2F 0-2: Ball Eddie Vargas steals 2nd base 1-2: Ball 2-2: Strikes out looking
|
| Top of the 3rd over - 2 runs, 3 hits, 0 errors, 1 left on base; Savannah 3 - Charlotte 0 |
| BOTTOM OF THE 3RD |
|
Charlotte Hornets batting - Pitching for Savannah Indians : RHP John Adams
|
|
Batting: SHB Jose Mota
|
0-0: Called Strike 0-1: Foul Ball, location: 2F 0-2: Ball 1-2: DOUBLE (Flyball, 8RD, EV 106.9 MPH)
|
|
Batting: RHB John O'Rear
|
0-0: Called Strike 0-1: Ball 1-1: Fly out, F8 (Flyball, 89M, EV 76.3 MPH)
|
|
Batting: RHB Reggie Baldwin
|
0-0: Foul Ball, location: 2F 0-1: Ball 1-1: Ground out 5-3 (Groundball, 5S, EV 74.4 MPH) Jose Mota to third
|
|
Batting: RHB Charles Stafford
|
0-0: Ball 1-0: Called Strike 1-1: Foul Ball, location: 2F 1-2: Foul Ball, location: 2F 1-2: Ball 2-2: Strikes out swinging
|
| Bottom of the 3rd over - 0 runs, 1 hit, 0 errors, 1 left on base; Savannah 3 - Charlotte 0 |
| TOP OF THE 4TH |
|
Savannah Indians batting - Pitching for Charlotte Hornets : LHP Juan Valdez
|
|
Batting: RHB Ramiro Gutierrez
|
0-0: Called Strike 0-1: Foul Ball, location: 2F 0-2: Ball 1-2: Ball 2-2: Ball 3-2: Base on Balls
|
|
Batting: LHB Roberto Hernandez
|
0-0: Ball 1-0: Foul Ball, location: 2F 1-1: Foul Ball, location: 2F 1-2: Strikes out swinging
|
|
Batting: LHB Steve Sbragia
|
0-0: Ball 1-0: Called Strike 1-1: Foul Ball, location: 2F 1-2: Ball 2-2: Fly out, F7 (Flyball, 78M, EV 83.8 MPH)
|
|
Batting: RHB Mario Diaz
|
0-0: Called Strike Ramiro Gutierrez steals 2nd base 0-1: Ball 1-1: Fly out, F8 (Flyball, 8RXD, EV 92.5 MPH)
|
| Top of the 4th over - 0 runs, 0 hits, 0 errors, 1 left on base; Savannah 3 - Charlotte 0 |
| BOTTOM OF THE 4TH |
|
Charlotte Hornets batting - Pitching for Savannah Indians : RHP John Adams
|
|
Batting: RHB Juan Bonilla
|
0-0: Called Strike 0-1: Fly out, F8 (Flyball, 8RM, EV 86.3 MPH)
|
|
Batting: RHB Ron Johnson
|
0-0: Ball 1-0: Called Strike 1-1: Swinging Strike 1-2: Strikes out looking
|
|
Batting: RHB Alvaro Espinoza
|
0-0: Ground out 5-3 (Groundball, 5, EV 97.5 MPH)
|
| Bottom of the 4th over - 0 runs, 0 hits, 0 errors, 0 left on base; Savannah 3 - Charlotte 0 |
| TOP OF THE 5TH |
|
Savannah Indians batting - Pitching for Charlotte Hornets : LHP Juan Valdez
|
|
Batting: RHB Dan Plante
|
0-0: Called Strike 0-1: Foul Ball, location: 2F 0-2: Ball 1-2: Ground out 6-3 (Groundball, 56, EV 106.3 MPH)
|
|
Batting: RHB Angel Salazar
|
0-0: Ball 1-0: Ball 2-0: Called Strike 2-1: Ball 3-1: Foul Ball, location: 2F 3-2: Fly out, F9 (Flyball, 9D, EV 88.1 MPH)
|
|
Batting: RHB Eddie Vargas
|
0-0: Ball 1-0: Ground out 6-3 (Groundball, 6, EV 88.1 MPH)
|
| Top of the 5th over - 0 runs, 0 hits, 0 errors, 0 left on base; Savannah 3 - Charlotte 0 |
| BOTTOM OF THE 5TH |
|
Charlotte Hornets batting - Pitching for Savannah Indians : RHP John Adams
|
|
Batting: LHB Jesus Diaz
|
0-0: Swinging Strike 0-1: Ball 1-1: Ball 2-1: Called Strike 2-2: Foul Ball, location: 2F 2-2: Strikes out swinging
|
|
Batting: LHB Steve Macko
|
0-0: Called Strike 0-1: Ball 1-1: SINGLE (Flyball, 3D, EV 93.1 MPH)
|
|
Batting: SHB Jose Mota
|
0-0: Foul Ball, location: 2F 0-1: Ball 1-1: Ground out 6-3 (Groundball, 6S, EV 70.6 MPH) Steve Macko to second
|
|
Batting: RHB John O'Rear
|
0-0: Swinging Strike 0-1: Called Strike 0-2: Foul Ball, location: 2F 0-2: Strikes out swinging
|
| Bottom of the 5th over - 0 runs, 1 hit, 0 errors, 1 left on base; Savannah 3 - Charlotte 0 |
| TOP OF THE 6TH |
|
Savannah Indians batting - Pitching for Charlotte Hornets : LHP Juan Valdez
|
|
Batting: RHB Jim Paciorek
|
0-0: Ball 1-0: Foul Ball, location: 2F 1-1: Ball 2-1: Ball 3-1: Base on Balls
|
|
Batting: RHB Wade Rowdon
|
0-0: Fly out, F8 (Flyball, 8RXD, EV 107.5 MPH)
|
|
Batting: RHB Ramiro Gutierrez
|
0-0: Ball 1-0: Called Strike 1-1: Ball 2-1: Foul Ball, location: 2F 2-2: Strikes out swinging
|
|
Batting: LHB Roberto Hernandez
|
0-0: Foul Ball, location: 2F 0-1: Foul Ball, location: 2F 0-2: Strikes out swinging
|
| Top of the 6th over - 0 runs, 0 hits, 0 errors, 1 left on base; Savannah 3 - Charlotte 0 |
| BOTTOM OF THE 6TH |
|
Charlotte Hornets batting - Pitching for Savannah Indians : RHP John Adams
|
|
Batting: RHB Reggie Baldwin
|
0-0: Ball 1-0: Ball 2-0: Ball 3-0: Fly out, F8 (Line Drive, 8RD, EV 105.6 MPH)
|
|
Batting: RHB Charles Stafford
|
0-0: Ball 1-0: SINGLE (Groundball, 6MD, EV 109.4 MPH)
|
|
Batting: RHB Juan Bonilla
|
0-0: Ball 1-0: Ground out 4-3 (Groundball, 34, EV 105.0 MPH) Charles Stafford to second
|
|
Batting: RHB Ron Johnson
|
0-0: Ball 1-0: Ball 2-0: Ball 3-0: Called Strike 3-1: Called Strike 3-2: Ground out 5-3 (Groundball, 5S, EV 81.9 MPH)
|
| Bottom of the 6th over - 0 runs, 1 hit, 0 errors, 1 left on base; Savannah 3 - Charlotte 0 |
| TOP OF THE 7TH |
|
Savannah Indians batting - Pitching for Charlotte Hornets : LHP Juan Valdez
|
|
Batting: LHB Steve Sbragia
|
0-0: Ball 1-0: Ground out 4-3 (Groundball, 4, EV 89.4 MPH)
|
|
Batting: RHB Mario Diaz
|
0-0: Called Strike 0-1: Foul Ball, location: 2F 0-2: Ball 1-2: Foul Ball, location: 2F 1-2: Fly out, F8 (Line Drive, 8LM, EV 91.3 MPH)
|
|
Batting: RHB Dan Plante
|
0-0: Called Strike 0-1: Ball 1-1: Swinging Strike 1-2: Ball 2-2: Ball 3-2: Strikes out swinging
|
| Top of the 7th over - 0 runs, 0 hits, 0 errors, 0 left on base; Savannah 3 - Charlotte 0 |
| BOTTOM OF THE 7TH |
|
Charlotte Hornets batting - Pitching for Savannah Indians : RHP John Adams
|
|
Batting: RHB Alvaro Espinoza
|
0-0: Ball 1-0: Ball 2-0: Called Strike 2-1: Foul Ball, location: 2F 2-2: Ball 3-2: Base on Balls
|
|
Batting: LHB Jesus Diaz
|
Pickoff Throw to First - Out! 1-3 0-0: Swinging Strike 0-1: DOUBLE (Line Drive, 7LM, EV 101.3 MPH)
|
|
Batting: LHB Steve Macko
|
0-0: Ball 1-0: Called Strike Jesus Diaz is caught stealing 3rd base 2-5 1-1: Swinging Strike 1-2: Foul Ball, location: 2F 1-2: Fly out, F9 (Flyball, 89S, EV 96.9 MPH)
|
| Bottom of the 7th over - 0 runs, 1 hit, 0 errors, 0 left on base; Savannah 3 - Charlotte 0 |
| TOP OF THE 8TH |
|
Savannah Indians batting - Pitching for Charlotte Hornets : LHP Juan Valdez
|
|
Batting: RHB Angel Salazar
|
0-0: Called Strike 0-1: Ground out 6-3 (Groundball, 6M, EV 86.9 MPH)
|
|
Pitching: RHP Earl Weaver
|
|
|
Batting: RHB Eddie Vargas
|
0-0: Ground out 6-3 (Groundball, 6, EV 101.9 MPH)
|
|
Batting: RHB Jim Paciorek
|
0-0: Called Strike 0-1: Foul Ball, location: 2F 0-2: Ball 1-2: Strikes out swinging
|
| Top of the 8th over - 0 runs, 0 hits, 0 errors, 0 left on base; Savannah 3 - Charlotte 0 |
| BOTTOM OF THE 8TH |
|
Charlotte Hornets batting - Pitching for Savannah Indians : RHP John Adams
|
|
Batting: SHB Jose Mota
|
0-0: Ball 1-0: SINGLE (Groundball, 6MS, EV 70.6 MPH) (infield hit)
|
|
Batting: RHB John O'Rear
|
0-0: Called Strike 0-1: Ball 1-1: Ball 2-1: DOUBLE (Line Drive, 5D, EV 105.0 MPH) Jose Mota to third
|
|
Batting: RHB Reggie Baldwin
|
0-0: Swinging Strike 0-1: Foul Ball, location: 2F 0-2: Ball 1-2: Foul Ball, location: 2F 1-2: Foul Ball, location: 2F 1-2: Ball 2-2: 3-RUN HOME RUN (Flyball, 7LD, EV 96.3 MPH), Distance : 373 ft
|
|
Batting: RHB Charles Stafford
|
0-0: Ball 1-0: Ball 2-0: Ball 3-0: Base on Balls
|
|
Batting: RHB Juan Bonilla
|
0-0: Called Strike 0-1: Ball 1-1: SINGLE (Groundball, 6S, EV 74.4 MPH) (infield hit) Charles Stafford to second
|
|
Batting: RHB Ron Johnson
|
0-0: SINGLE (Flyball, 78S, EV 93.1 MPH) Charles Stafford to third Juan Bonilla to second Runner from 3rd tries for Home, SAFE, throw by LF to home
|
|
Pinch Runner at 2nd Tom Romano:
|
|
|
Batting: RHB Alvaro Espinoza
|
0-0: Called Strike 0-1: Foul Ball, location: 2F 0-2: Foul Ball, location: 2F 0-2: Foul Ball, location: 2F 0-2: Foul Ball, location: 2F 0-2: Foul Ball, location: 2F 0-2: Grounds into double play, 5-4-3 (Groundball, 5, EV 106.9 MPH) Tom Romano to third
|
|
Batting: LHB Jesus Diaz
|
0-0: Called Strike 0-1: Foul Ball, location: 2F 0-2: Foul Ball, location: 2F 0-2: Ball 1-2: Strikes out swinging
|
| Bottom of the 8th over - 4 runs, 5 hits, 0 errors, 1 left on base; Savannah 3 - Charlotte 4 |
| TOP OF THE 9TH |
|
Savannah Indians batting - Pitching for Charlotte Hornets : RHP Earl Weaver
|
|
Pitching: RHP Jorge Solano
|
|
|
Now at 2B: Roy Clark
|
|
|
Batting: RHB Wade Rowdon
|
0-0: Ball 1-0: Ball 2-0: Fly out, F9 (Flyball, 89M, EV 79.4 MPH)
|
|
Batting: RHB Ramiro Gutierrez
|
0-0: Swinging Strike 0-1: Fly out, F8 (Flyball, 8RXD, EV 103.1 MPH)
|
|
Batting: LHB Roberto Hernandez
|
0-0: Ball 1-0: Called Strike 1-1: Fly out, F7 (Flyball, 7, EV 86.3 MPH)
|
| Top of the 9th over - 0 runs, 0 hits, 0 errors, 0 left on base; Savannah 3 - Charlotte 4 |
|